 Dungeon Crawl Stone Soup version 0.28.0 (webtiles) character file.

Game seed: 4785186145898271279

633 Kaptain the Magician (level 7, 0/45 HPs)
             Began as an Octopode Hedge Wizard on Feb 18, 2022.
             Slain by a troll (10 damage)
             ... on level 5 of the Dungeon.
             The game lasted 00:19:27 (6702 turns).

Kaptain the Magician (Octopode Hedge Wizard)        Turns: 6702, Time: 00:19:28

Health: 0/45       AC:  5    Str: 10    XL:     7   Next: 49%
Magic:  14/14      EV: 13    Int: 18    God:
Gold:   253        SH:  0    Dex: 11    Spells: 9/15 levels left

rFire   + . .      SeeInvis .   e - +0 short sword
rCold   + . .      Faith    .   (no shield)
rNeg    + . .      Spirit   .   b - +0 hat
rPois   .          Reflect  .   q - amulet of magic regeneration
rElec   .          Harm     .   i - ring of positive energy
rCorr   .          Rampage  .   m - ring of willpower
Will    +....                   n - ring of protection from cold
Stlth   ++++......              p - ring of Birdsong {Fly rF+}
HPRegen 0.15/turn               r - +4 ring of protection
MPRegen 0.54/turn               (no ring)
                                (no ring)
                                (no ring)

@: brilliant, attractive, flying
A: almost no armour, amphibious, 8 rings, camouflage 1, gelatinous body 1,
(nimble swimmer 1), tentacles
a: no special abilities


You were on level 5 of the Dungeon.
You visited 2 branches of the dungeon, and saw 6 of its levels.
You also visited: Sewer.

You collected 1504 gold pieces.
You spent 1251 gold pieces at shops.

Inventory:

Hand Weapons
 a - a +0 dagger
 e - a +0 short sword (weapon)
 t - a +0 hunting sling
Missiles
 f - 73 stones
 g - 8 poisoned darts (quivered)
 v - a throwing net
 w - 13 sling bullets
Armour
 b - a +0 hat (worn)
Magical Staves
 j - a staff of earth
 k - a staff of cold
Jewellery
 i - a ring of positive energy (left tentacle)
 m - a ring of willpower (right tentacle)
 n - a ring of protection from cold (on tentacle)
 p - the ring of Birdsong (on tentacle) {Fly rF+}
   (You bought it in a shop on level 3 of the Dungeon)

   [ring of protection from fire]

   rF:        It protects you from fire.
   Fly:       It grants you flight.
 q - an amulet of magic regeneration (around mantle)
 r - a +4 ring of protection (on tentacle)
 x - a ring of ice
Wands
 l - a wand of mindburst (12)
Scrolls
 u - a scroll of magic mapping
Potions
 c - a potion of attraction
 d - a potion of brilliance
 o - 2 potions of resistance {unknown}
 s - a potion of curing


   Skills:
 + Level 2.4 Fighting
 + Level 3.2 Dodging
 + Level 4.5 Stealth
 * Level 4.7 Spellcasting
 * Level 4.0 Conjurations
 - Level 1.0 Summonings
 + Level 1.1 Translocations
 + Level 2.2 Earth Magic


You had 9 spell levels left.
You knew the following spells:

 Your Spells              Type           Power      Damage    Failure   Level
a - Magic Dart            Conj           100%       1d8       2%          1
b - Blink                 Tloc           24%        N/A       13%         2
c - Mephitic Cloud        Conj/Pois/Air  13%        N/A       24%         3

Your spell library contained the following spells:

 Spells                   Type           Power      Damage    Failure   Level
 Slow                     Hex            24%        N/A       14%         1
 Call Imp                 Summ           11%        N/A       14%         2
 Conjure Flame            Conj/Fire      17%        6-21      19%         3
 Leda's Liquefaction      Hex/Erth       6%         N/A       65%         4
 Lee's Rapid Deconstruct  Erth           9%         3d8*      83%         5
 Statue Form              Tmut/Erth      8%         N/A       100%        6


Dungeon Overview and Level Annotations

Branches:
Dungeon (5/15)             Temple (1/1) D:4           Sewer (visited)

Altars:
Ashenzari
Cheibriados
Dithmenos
Elyvilon
Fedhas
Gozag
Hepliaklqana
Makhleb
Nemelex Xobeh
Okawaru
Qazlal
Ru
Sif Muna
Trog
Uskayaw
Vehumet
Wu Jian
Xom
Yredelemnul
Zin
The Shining One

Shops:
D:3 =   D:4 *


Innate Abilities, Weirdness & Mutations

You cannot wear most types of armour.
You are amphibious.
You can wear up to eight rings at the same time.
Your skin changes colour to match your surroundings (Stealth+).
Your rubbery body absorbs attacks. (AC +1, EV +1)
((You are camouflaged when in or above water. (Stealth+)))
You have tentacles for arms and can constrict up to eight enemies at once.


Message History

Press: ? - help, Shift-Dir - straight line, f/p - troll
Aim: a troll (confused, chance to affect: 67%)
You feel a surge of power!
The ball explodes into a vile cloud!
The stinking cloud engulfs the troll but does no damage.
The stinking cloud engulfs the hound zombie but does no damage.
The hound zombie is heavily damaged.
The troll is engulfed in noxious fumes.
The troll appears confused.
The troll barely misses the hound zombie.
The troll claws the hound zombie!
The hound zombie is destroyed!
The troll is attracted toward you.
Your Conjurations skill increases to level 4!
You hit the troll but do no damage. Your squeeze misses the troll.
Unknown command.
Casting: Mephitic Cloud (quite dangerous; 24% risk of failure)
Confirm with . or Enter, or press ? or * to list all spells.
Aiming: Magic Dart (safe; 2% risk of failure)
Press: ? - help, Shift-Dir - straight line, f/p - troll
Aim: a troll (confused, 100% to hit)
You feel a surge of power!
The magic dart hits the troll.
The troll is lightly wounded.
The troll bites you. The troll completely misses you. The troll misses you.
Unknown command.
Unknown command.
Okay, then.
Unknown command.
Unknown command.
Unknown command.
e - a +0 short sword (weapon)
You hit the troll but do no damage.
The troll is lightly wounded.
The troll bites you. The troll claws you but does no damage.
The troll claws you.
* * * LOW HITPOINT WARNING * * *
You hit the troll. You squeeze the troll!
The troll is heavily wounded.
The troll bites you.
* * * LOW HITPOINT WARNING * * *
The troll claws you!
You die...

#....... #.....<. #.......
#....... ####.......
#.##.....##
##########.###...###
#....##..........##.
#..@.##...#..#..>...
###..T....##..#..###.
##.#.##...#....#..# ##
#...°##...........####
##....######..........#
####.....# #...........
#......### #............
.......÷..# ##....####...
....##............#.##.####...


You could see a troll (confused).

Vanquished Creatures
  A necrophage (D:3)
  2 kobold brigands (Sewer)
  A phantom (D:5)
  2 jellies
  A centaur skeleton (D:4)
  An iguana (D:5)
  A hound zombie (D:5)
  4 gnolls
  6 adders
  2 river rats
  3 worms
  2 dart slugs
  7 orcs
  3 bats
  11 endoplasms
  4 giant cockroaches
  6 goblins
  5 hobgoblins
  A jackal (Sewer)
  9 kobolds
  2 quokkas (D:4)
  3 ball pythons
  3 frilled lizards
  8 rats
88 creatures vanquished.

Notes
Turn   | Place    | Note
-------+----------+-------------------------------------------
     0 | D:1      | Kaptain the Octopode Hedge Wizard began the quest for the
                  | Orb.
     0 | D:1      | Reached XP level 1. HP: 11/11 MP: 4/4
   191 | D:1      | Found a faded altar of an unknown god.
   242 | D:1      | Reached XP level 2. HP: 17/17 MP: 1/6
  1039 | D:1      | Reached XP level 3. HP: 22/22 MP: 5/7
  1042 | D:1      | Learned a level 2 spell: Blink
  1046 | D:1      | Learned a level 3 spell: Mephitic Cloud
  2072 | D:2      | Reached XP level 4. HP: 27/27 MP: 5/9
  2378 | D:2      | Reached skill level 1 in Fighting
  2954 | D:3      | Identified a scroll of acquirement
  3227 | D:3      | Reached skill level 1 in Earth Magic
  3227 | D:3      | Reached XP level 5. HP: 31/33 MP: 4/10
  3642 | D:3      | Found Locen's Jewellery Boutique.
  3657 | D:3      | Acquired 1238 gold pieces
  3659 | D:3      | Bought a ring of willpower for 250 gold pieces
  3659 | D:3      | Bought the ring of Birdsong {Fly rF+} for 341 gold pieces
  3659 | D:3      | Bought an amulet of magic regeneration for 300 gold pieces
  3659 | D:3      | Bought a +4 ring of protection for 360 gold pieces
  3907 | D:4      | Found a glowing drain.
  3911 | Sewer    | Entered a sewer
  4090 | Sewer    | Noticed a kobold brigand
  4092 | Sewer    | Noticed a kobold brigand
  4107 | Sewer    | Killed a kobold brigand
  4108 | Sewer    | Reached XP level 6. HP: 25/38 MP: 3/12
  4319 | Sewer    | Found a glowing silver altar of Zin.
  4703 | D:4      | Noticed a necrophage
  4728 | D:3      | Killed a necrophage
  5129 | D:4      | Reached XP level 7. HP: 41/45 MP: 7/13
  5628 | D:4      | Found Buoruikh's Fire Supplies.
  5726 | D:4      | Found a staircase to the Ecumenical Temple.
  5745 | Temple   | Entered the Ecumenical Temple
  6239 | D:5      | Entered Level 5 of the Dungeon
  6560 | D:5      | Noticed a troll
  6702 | D:5      | Slain by a troll

Illustrated notes

Levels and vault maps discovered:
D:1:      elethiomel_arrival_shortcut, layout_loops_ring,
          ebering_ecumenical_altar_ruins
D:2:      layout_basic, minivault_23, kennysheep_pointless_box
D:3:      layout_basic, serial_shops, nicolae_shop_window_shopping,
          minmay_misc_feat_enclosed
D:4:      layout_layer_cave, temple_hall, gup_sewer_entry_bowl,
          nicolae_shop_fire_sale [nicolae_sub_dead_trees]
D:5:      layout_cave_pools, uniq_crazy_yiuf_cottage, uniq_duvessa
Temple:   mainiacjoe_temple_trianglar_array

Skill      XL: |  1  2  3  4  5  6  7 |
---------------+----------------------+-----
Stealth        | 3 4 |  4.5
Conjurations   | 2 3 4 |  4.0
Fighting       | 1 2 |  2.4
Earth Magic    | 1 2 |  2.2
Spellcasting   | 4 |  4.7
Dodging        | 3 |  3.2
Summonings     | |  1.0
Translocations | |  1.1

Action                   |  1- 3 |  4- 6 |  7- 9 || total
-------------------------+-------+-------+-------++-------
Melee: Short sword       |    11 |       |     2 ||    13
       Constrict         |     3 |     2 |     1 ||     6
       Tentacles         |     2 |     2 |     2 ||     6
       Dagger            |     1 |       |       ||     1
       Staff             |     3 |     8 |     2 ||    13
 Cast: Magic Dart        |    87 |   176 |    63 ||   326
       Mephitic Cloud    |       |       |     2 ||     2
  Use: Scroll            |     2 |     2 |       ||     4
       Potion            |       |     1 |     5 ||     6
 Stab: Sleeping          |     1 |       |       ||     1
Armor: Skin              |     1 |    11 |     7 ||    19
Dodge: Dodged            |    18 |    50 |    13 ||    81
